[Event "*** Titled Tuesday Blitz"]
[Site "Chess.com"]
[Date "2019.02.05"]
[Round "3"]
[White "Sanan_Sjugirov"]
[Black "DrMelekess"]
[Result "1-0"]
[WhiteElo "2843"]
[BlackElo "2613"]
[TimeControl "180+2"]
[EndTime "13:37:06 PST"]
[Termination "Sanan_Sjugirov won on time"]

1. d4 Nc6 2. d5 Ne5 3. Nf3 Nxf3+ 4. exf3 e5 5. c4 Nf6 6. Bd3 Bb4+ 7. Bd2 Bxd2+ 8. Qxd2 O-O 9. Nc3 d6 10. h4 c6 11. h5 cxd5 12. cxd5 Nd7 13. h6 g6 14. Be2 a6 15. Rc1 b5 16. Ne4 Nf6 17.
O-O Nxe4 18. fxe4 Bd7 19. Qe3 Re8 20. Rc3 f5 21. exf5 Bxf5 22. Rfc1 Qf6 23. Rc6 Bd7 24. Rc7 Re7 25. Rb7 Bf5 26. Rb6 e4 27. Qc3 Qg5 28.
Rxd6 Qxh6 29. Rc6 Rd8 30. d6 Red7 31. Qe5 Qg7 32. Qd5+ Qf7 33. Qc5 Qf6 34. Rd1 Qxb2 35. Bf1 Kg7 36. a4 bxa4 37. Rc7 a3 38. Bc4 a2 39. Rxd7+ Rxd7 40. Bxa2 Qa3 41. Qe5+ 1-0

[Event "*** Titled Tuesday Blitz"]
[Site "Chess.com"]
[Date "2019.02.05"]
[Round "3"]
[White "ChessMavenYeti"]
[Black "ruvat"]
[Result "1-0"]
[WhiteElo "2249"]
[BlackElo "2289"]
[TimeControl "180+2"]
[EndTime "13:37:08 PST"]
[Termination "ChessMavenYeti won by resignation"]

1. d4 d6 2. c4 e5 3. Nf3 e4 4. Ng5 Nf6 5. h4 h6 6. Nh3 g6 7.
Nc3 Bg7 8. Qc2 Qe7 9. e3 c6 10. Nf4 O-O 11. Be2 h5 12. Bd2 Bf5 13. O-O-O Na6 14. Rdg1 Nc7 15. g4 Nxg4 16. Bxg4 Bxg4 17. Rxg4 hxg4 18. Nxe4 d5 19. Ng5 Bf6 20. Qb3 Rfd8 21. Bb4 Qd7 22. Qd3 Kg7 23. f3 Bxg5 24. hxg5 Rh8 25. Rf1 Qf5 26. Qb3 gxf3 27. Bd6 Ne8 28. Be5+ f6 29. gxf6+ Nxf6 30. Qxb7+ Kh6 31. Qe7 Rhf8 32.
Rh1+ Kg5 33. Ne6+ Kg4 34. Nxf8 f2 35. Rf1 Kf3 36. Qxf6 Qxf6 37. Bxf6 Ke2 38. Rxf2+ Kxf2 39. Nd7 dxc4 40. e4 Re8 41. e5 Kf3 42. Kd2 Ke4 43. Kc3 Kd5 44. Nc5 Rg8 45. e6 g5 46. e7 g4 47. Bh4 Kd6 48. Nb7+ Kd7 49. Nc5+ Ke8 50. Ne4 Kf7 51. Kxc4 g3 52. Nd6+ Ke6 53. e8=Q+ Rxe8 54. Nxe8 1-0

[Event "*** Titled Tuesday Blitz"]
[Site "Chess.com"]
[Date "2019.02.05"]
[Round "3"]
[White "GABUZYAN_CHESSMOOD"]
[Black "Astaneh"]
[Result "0-1"]
[WhiteElo "2758"]
[BlackElo "2541"]
[TimeControl "180+2"]
[EndTime "13:37:11 PST"]
[Termination "Astaneh won on time"]

1. e4 e5 2. Nf3 Nc6 3. Bb5 Nf6 4. O-O Nxe4 5. Re1 Nd6 6. Nxe5 Nxe5 7. Rxe5+ Be7 8. Nc3 Nxb5 9. Nd5 d6 10. Rxe7+ Kf8 11.
Qf3 Be6 12. Rxe6 Nd4 13. Qc3 Nxe6 14. b3 c6 15. Ne3 Qd7 16. Bb2 f6 17. Nf5 Nf4 18.
Ng3 Re8 19. Qd4 Ne2+ 20. Nxe2 Rxe2 21. Kf1 Qe7 22. Bc3 Kf7 23. Qc4+ Re6 24. d3 Re8 25. a4 d5 26. Qd4 Re2 27. Rc1 b6 28. b4 Qd6 29. g3 c5 30. Qg4 d4 31. bxc5 bxc5 32. Ba5 Qd5 33. Kg1 h5 34. Qf4 g5 35. Qc7+ R8e7 36.
Qc8 Re8 37. Qh3 g4 38. Qg2 Qf3 39. Qxf3 gxf3 40. h3 Rb8 41. c3 Rbb2 42. Rf1 Ra2 43. cxd4 cxd4 44. g4 hxg4 45. hxg4 Rxa4 46. Bc7 Ra3 47.
Rb1 Rxd3 48. Ra1 Kg6 49. Bg3 Re7 50. Kh2 Rh7+ 51. Kg1 Kg5 52. Bh2 Kxg4 53. Kh1 Rd2 54. Rg1+ Kf5 55. Ra1 Rxf2 56. Kg1 Rfxh2 0-1

[Event "*** Titled Tuesday Blitz"]
[Site "Chess.com"]
[Date "2019.02.05"]
[Round "3"]
[White "GelmanAlexander"]
[Black "VFernandezB"]
[Result "1/2-1/2"]
[WhiteElo "2507"]
[BlackElo "2417"]
[TimeControl "180+2"]
[EndTime "13:37:12 PST"]
[Termination "Game drawn by agreement"]

1. f4 d5 2. Nf3 c5 3. g3 Nc6 4.
Bg2 Bg4 5. O-O Bxf3 6. Bxf3 e6 7.
d3 g6 8. e4 Nge7 9. e5 Bg7 10.
c3 h5 11. Na3 Nf5 12. Nc2 O-O 13. Ne3 Nxe3 14. Bxe3 d4 15. Bf2 Rc8 16. c4 b6 17.
a3 a5 18. Be4 Ne7 19. Qf3 Nf5 20. h3 h4 21. g4 Ne3 22. Bxe3 dxe3 23. Qxe3 Qd4 24.
Qxd4 cxd4 25. b4 axb4 26. axb4 g5 27. fxg5 Bxe5 28. Ra6 Rb8 29. g6 fxg6 30. Rxf8+ Kxf8 31. Bxg6 Ke7 32. Kg2 Bc7 33. Ra7 Kd6 34. Be4 Bd8 35. b5 Bg5 36. Rg7 Bf6 37. Rg6 Ke5 38. Kf3 Rf8 39. Kg2 Kf4 40. g5 Bxg5 41. Rxe6 Bd8 42. Bd5 Rg8+ 43. Kf2 Rg3 44. Re4+ Kf5 45. Rxd4 Bf6 46.
Be4+ Ke6 47. Rd5 Be7 48. Bf5+ Kf6 49. Ke2 Rg5 50. Be4 Rxd5 51. Bxd5 Ke5 52. Kf3 Bc5 53.
Kg4 Bf2 54. Kg5 Be1 55. Kg6 Bf2 56. Be4 Bc5 57. Kf7 Kd6 58. Kf6 Bd4+ 59. Kg5 Bf2 60. Kf4 Kc5 61. Ke5 Bd4+ 62. Kf4 Bf2 63. Ba8 Bd4 64.
Ke4 Bf2 1/2-1/2

[Event "*** Titled Tuesday Blitz"]
[Site "Chess.com"]
[Date "2019.02.05"]
[Round "3"]
[White "Gentlejimmy7"]
[Black "Karina_Oparina"]
[Result "1-0"]
[WhiteElo "2299"]
[BlackElo "2203"]
[TimeControl "180+2"]
[EndTime "13:37:13 PST"]
[Termination "Gentlejimmy7 won by resignation"]

1. d4 Nf6 2. Nf3 e6 3. g3 b6 4. c4 Bb7 5. Nc3 Bb4 6. Bg2 O-O 7. O-O Re8 8. Qb3 a5 9. Bd2 Na6 10. Rfd1 Ne4 11. Nxe4 Bxe4 12. Bxb4 Nxb4 13. Rac1 Qe7 14. Ne5 Bxg2 15. Kxg2 d6 16. Nd3 c5 17. a3 Nxd3 18. Rxd3 Rab8 19. Qb5 Qc7 20. Rcd1 g6 21. h4 h5 22. Kg1 Rec8 23. d5 e5 24. Rb1 Rd8 25. b4 axb4 26. axb4 cxb4 27. Rxb4 Qc5 28. Rdb3 Qc7 29.
Qc6 Qxc6 30. dxc6 Rdc8 31. Rxb6 Rxb6 32. Rxb6 Kf8 33. Kg2 Ke7 34. Kf3 Ke6 35. Ke4 f5+ 36.
Kd3 Rc7 37. Kc3 d5 38. c5 Kf6 39. Kb4 Ke6 40. Kb5 d4 41. Kc4 Rg7 42. c7+ Kd7 43. Kd5 e4 44. Kxd4 Kxc7 45. Rd6 Kb7 46. Ke5 Rc7 47.
c6+ Rxc6 48. Rxc6 Kxc6 49. Kf6 Kd5 50. Kxg6 Ke5 51. Kxh5 f4 52. gxf4+ Kxf4 53. Kg6 e3 54. fxe3+ Kxe3 55. h5 1-0

[Event "*** Titled Tuesday Blitz"]
[Site "Chess.com"]
[Date "2019.02.05"]
[Round "3"]
[White "HindsightIs2700"]
[Black "yuki_chess123"]
[Result "1-0"]
[WhiteElo "2264"]
[BlackElo "1972"]
[TimeControl "180+2"]
[EndTime "13:37:14 PST"]
[Termination "HindsightIs2700 won by resignation"]

1. e4 g6 2. d4 Bg7 3. Nf3 c6 4. h3 d5 5. e5 b6 6. c4 Be6 7.
cxd5 Bxd5 8. Be2 e6 9. O-O Ne7 10. Nc3 O-O 11. Bg5 Nd7 12. Qd2 Qe8 13. Bh6 Bxh6 14.
Qxh6 Nf5 15. Qf4 f6 16. Nxd5 cxd5 17. Bb5 Qe7 18. Qd2 fxe5 19. Bxd7 Qxd7 20. Nxe5 Qe7 21.
Rfe1 Rac8 22. Rac1 Nd6 23. f3 Nc4 24. Nxc4 dxc4 25.
Qe2 Rfd8 26. Rxc4 Rxc4 27. Qxc4 Rd6 28. d5 exd5 29. Qc8+ Rd8 30. Rxe7 Rxc8 31. Rxa7 Rc1+ 32. Kh2 Rc2 33. b3 d4 34. Rd7 Rd2 35. a4 g5 36.
b4 Ra2 37. Rxd4 Rxa4 38. Kg3 Kg7 39. Kg4 h6 40. Kf5 Ra2 41. Rd7+ Kf8 42. g4 Rf2 43. Ke4 Rb2 44. Rd4 Ke7 45. Kd5 Rc2 46. Rc4 Rf2 47. Rc7+ Kd8 48. Rf7 Rc2 49. Rf6 b5 50. Rxh6 Rc4 51. Rg6 Rxb4 52. Rxg5 Rb1 53. Kd6 Ke8 54.
h4 b4 55. Rb5 Rf1 56. Rxb4 Rxf3 57. Ke5 Kf7 58. Rf4+ 1-0

[Event "*** Titled Tuesday Blitz"]
[Site "Chess.com"]
[Date "2019.02.05"]
[Round "3"]
[White "Torrentec"]
[Black "AbdAlAgathos"]
[Result "1-0"]
[WhiteElo "2410"]
[BlackElo "2315"]
[TimeControl "180+2"]
[EndTime "13:37:14 PST"]
[Termination "Torrentec won by resignation"]

1. e4 e6 2. d4 e5 3. Nf3 exd4 4. Nxd4 d5 5. exd5 Nf6 6. c4 Bc5 7. Be3 O-O 8. Be2 c6 9. dxc6 bxc6 10. O-O Qb6 11.
Nc3 Qc7 12. Na4 Bd6 13. h3 Nbd7 14. Qc2 Rb8 15. c5 Bh2+ 16. Kh1 Re8 17. Bf3 Ne5 18. Be2 Ng6 19. Rad1 Ne4 20. Bf3 f5 21. Rfe1 Nh4 22.
Bxe4 Rxe4 23. Bg5 Ng6 24. Rxe4 fxe4 25. Qxe4 Be5 26. Nf3 Ba6 27. Nxe5 Qxe5 28. Qxe5 Nxe5 29. Bf4 Rb4 30. Bxe5 Rxa4 31. Rd8+ Kf7 32. a3 Re4 33. Bc3 Re2 34. Rd7+ Ke6 35. Rxa7 Bc4 36. Rxg7 Rxf2 37.
Rxh7 Bd5 38. Rg7 Rc2 39. Kh2 Kf5 40. a4 Rc1 41. a5 Ra1 42. h4 Ra4 43. Rg5+ Ke6 44.
Kg3 Re4 45. h5 Re3+ 46. Kh2 Re2 47. h6 Be4 48. Re5+ Kf7 49. Rg5 Bg6 50. h7 Bxh7 51.
Rg7+ Ke6 52. Rxh7 Kd5 53. a6 Re7 54. Rxe7 1-0

[Event "*** Titled Tuesday Blitz"]
[Site "Chess.com"]
[Date "2019.02.05"]
[Round "3"]
[White "volcanoexplorer"]
[Black "ZeroRealtorFade"]
[Result "1/2-1/2"]
[WhiteElo "2357"]
[BlackElo "2250"]
[TimeControl "180+2"]
[EndTime "13:37:14 PST"]
[Termination "Game drawn by repetition"]

1. e4 Nc6 2. Nf3 d6 3. d4 Nf6 4.
Nc3 g6 5. g3 Bg7 6. Bg2 O-O 7.
O-O e5 8. d5 Ne7 9. h3 Nd7 10.
Nh4 Bf6 11. Bh6 Re8 12. Nf3 Bg7 13. Qd2 Kh8 14. Ng5 Rf8 15. Bxg7+ Kxg7 16. f4 h6 17. Nf3 f6 18. fxe5 fxe5 19. Nh4 Nf6 20. g4 g5 21.
Nf5+ Bxf5 22. exf5 Qd7 23. h4 gxh4 24. g5 hxg5 25.
Qxg5+ Kf7 26. Qxh4 Rh8 27. Qg5 Rag8 28. Qe3 Nxf5 29.
Qf3 Rg5 30. Ne4 Nxe4 31. Qxe4 Rhg8 32. Rf2 Ke7 33. Raf1 Qb5 34. Rxf5 Rxg2+ 35. Qxg2 Rxg2+ 36. Kxg2 Qxd5+ 37. R1f3 Qxa2 38. Rb3 b6 39. Rf2 Qb1 40. Rg3 Kd7 41. Rg7+ Ke6 42. b3 c5 43. Rgf7 Qd1 44. c4 Qg4+ 45. Kf1 Qd1+ 46. Kg2 Qg4+ 47. Kf1 Qg5 48.
Rf8 Qc1+ 49. Kg2 Qg5+ 50. Kf1 Qc1+ 51. Kg2 Qg5+ 52. Kf1 1/2-1/2

[Event "*** Titled Tuesday Blitz"]
[Site "Chess.com"]
[Date "2019.02.05"]
[Round "3"]
[White "Ellaijio_B"]
[Black "FrankieJay"]
[Result "1/2-1/2"]
[WhiteElo "2642"]
[BlackElo "2388"]
[TimeControl "180+2"]
[EndTime "13:37:17 PST"]
[Termination "Game drawn by stalemate"]

1. e4 c5 2. Nf3 Nc6 3. d4 cxd4 4.
Nxd4 Nf6 5. Nc3 e5 6. Ndb5 d6 7. Bg5 a6 8. Na3 b5 9. Nd5 Be7 10. Bxf6 Bxf6 11. c4 b4 12. Nc2 O-O 13. g3 Bg5 14.
Bg2 a5 15. O-O Be6 16. Qd3 Kh8 17. Rad1 Rc8 18. b3 f5 19. exf5 Bxf5 20. Be4 g6 21.
Nde3 Bxe3 22. Nxe3 Bxe4 23. Qxe4 Nd4 24. Rxd4 exd4 25.
Qxd4+ Qf6 26. Rd1 Qxd4 27. Rxd4 Rf6 28. Kf1 Ra8 29. Nd5 Rf7 30. h4 a4 31. Nxb4 axb3 32.
axb3 Rb8 33. Nd3 Rxb3 34. Rxd6 Rc7 35. c5 Rc3 36. Ke2 Kg7 37. Kd2 R3xc5 38. Nxc5 Rxc5 39. Ke3 Re5+ 40. Kf3 Re7 41. Rd4 h5 42. Re4 Ra7 43.
Rd4 Rf7+ 44. Ke3 Ra7 45. f3 Ra3+ 46. Kf4 Ra5 47. Rd7+ Kh6 48. Rf7 Ra4+ 49. Ke3 Ra3+ 50. Ke4 Ra4+ 51. Ke5 Ra5+ 52. Ke6 Ra6+ 53. Ke7 Ra7+ 54.
Ke6 Ra6+ 55. Kd5 Ra5+ 56. Kc4 Ra2 57. g4 hxg4 58. fxg4 Ra4+ 59. Kd3 Rxg4 60. Ke3 Rxh4 61. Kf3 Kg5 62. Kg3 Ra4 63. Rf3 Rg4+ 64. Kh3 Rf4 65. Ra3 Kh5 66. Kg3 g5 67. Ra8 Rf6 68. Rh8+ Kg6 69. Rg8+ Kf5 70. Ra8 Re6 71. Ra5+ Re5 72. Ra1 Re3+ 73. Kf2 Rb3 74. Kg1 g4 75. Kg2 Kg5 76.
Ra8 Rb2+ 77. Kg3 Rb3+ 78. Kg2 Rb2+ 79. Kg1 Kf4 80. Ra3 g3 81. Ra1 Kg4 82. Rc1 Kh3 83.
Ra1 Rg2+ 84. Kh1 Rh2+ 85. Kg1 Rd2 86. Rb1 Rd3 87. Rc1 g2 88. Re1 Kg3 89. Re3+ Rxe3 1/2-1/2

[Event "*** Titled Tuesday Blitz"]
[Site "Chess.com"]
[Date "2019.02.05"]
[Round "3"]
[White "HrvojeZagreb"]
[Black "flomarechot"]
[Result "1-0"]
[WhiteElo "2123"]
[BlackElo "2054"]
[TimeControl "180+2"]
[EndTime "13:37:17 PST"]
[Termination "HrvojeZagreb won by resignation"]

1. d4 Nf6 2. Bf4 g6 3. Nc3 Bg7 4. e4 d6 5. Qd2 Nbd7 6. O-O-O c5 7. d5 a6 8. Bh6 Bxh6 9. Qxh6 b5 10. f3 b4 11. Na4 a5 12. Bb5 Ba6 13. Bxd7+ Nxd7 14. Qg7 Rf8 15. e5 Nxe5 16. Nxc5 Bc4 17. b3 Bb5 18. Nh3 Qc7 19. f4 Ng4 20. Ne4 Ne3 21. Rd2 Bd3 22. Nf6+ exf6 23. Re1 Kd7 24. Rxe3 Bf5 25.
Qxf6 Rae8 26. Rxe8 Rxe8 27. Qxf7+ Re7 28. Qf6 Re1+ 29. Kb2 a4 30. bxa4 Qc5 31. Ng5 Rd1 32.
Qf7+ Kd8 33. Ne6+ Bxe6 34. Qf6+ Kc7 35. Rxd1 Bxd5 36. Qe7+ Kc6 37. Qf6 Be4 38. Rd2 Bf5 39. Qd4 Qa5 40. c3 bxc3+ 41. Qxc3+ Qxc3+ 42. Kxc3 Kc5 43. Rb2 d5 44. a5 d4+ 45. Kd2 Be4 46. a6 Bxg2 47. a7 g5 48. Rb8 gxf4 49. a8=Q Bxa8 50. Rxa8 f3 51. Rf8 Kb4 52. Rxf3 Kc4 53. Rb3 h5 54.
Rb1 h4 55. a4 h3 56. a5 d3 57. a6 Kd4 58. a7 Kc4 59. a8=Q Kd4 60. Qf3 Kc4 61.
Qxh3 Kd4 62. Qxd3+ Kc5 63. Rb5+ Kc6 64. Qd5+ Kc7 65.
Rb7+ 1-0

[Event "*** Titled Tuesday Blitz"]
[Site "Chess.com"]
[Date "2019.02.05"]
[Round "3"]
[White "masrahi"]
[Black "ecwinslow"]
[Result "0-1"]
[WhiteElo "1858"]
[BlackElo "2004"]
[TimeControl "180+2"]
[EndTime "13:37:17 PST"]
[Termination "ecwinslow won by checkmate"]

1. c4 Nf6 2. Nc3 g6 3. g3 Bg7 4. Bg2 O-O 5. a3 d6 6. Rb1 e5 7. d3 Nh5 8. e3 f5 9. Nge2 Nc6 10. O-O Kh8 11. f4 g5 12. d4 gxf4 13. exf4 exd4 14. Nb5 Nf6 15. Nbxd4 Nxd4 16. Nxd4 Ne4 17. Nf3 c6 18. Ng5 Nxg5 19. fxg5 Be6 20. b3 Rc8 21. Bf4 Be5 22. Qd2 Bxf4 23. Qxf4 Qb6+ 24. Kh1 Rcd8 25. Rfe1 Bc8 26. g6 Qc7 27. gxh7 Qxh7 28. Re3 Qg7 29. Rbe1 Bd7 30. Re7 Qg6 31. Qh4+ Kg8 32. Qf4 Rde8 33.
b4 Rxe7 34. Rxe7 Bc8 35. Bh3 Re8 36. Rxe8+ Qxe8 37. Qg5+ Kf8 38. Bxf5 Qe1+ 39. Kg2 Qe2+ 40. Kh3 Qf1+ 41. Kh4 Qxf5 42. Qh6+ Kf7 43. Qh8 Qf6+ 44. Qxf6+ Kxf6 45. Kh5 d5 46. cxd5 cxd5 47. g4 d4 48. g5+ Ke5 49. Kh6 d3 50. g6 d2 51.
g7 Be6 52. Kg5 d1=Q 53. h4 Qg4+ 54. Kh6 Kf6 55. g8=Q Qxg8 56. h5 Qg7# 0-1

[Event "*** Titled Tuesday Blitz"]
[Site "Chess.com"]
[Date "2019.02.05"]
[Round "3"]
[White "AlexTruskavetsky"]
[Black "r31415"]
[Result "1-0"]
[WhiteElo "2248"]
[BlackElo "2298"]
[TimeControl "180+2"]
[EndTime "13:37:18 PST"]
[Termination "AlexTruskavetsky won by resignation"]

1. d4 d6 2. Nf3 f5 3. g3 Nf6 4. Bg2 g6 5. O-O Bg7 6. c4 O-O 7. Nc3 c6 8. b4 e5 9. dxe5 dxe5 10.
Qxd8 Rxd8 11. e4 Be6 12. exf5 gxf5 13. Nxe5 Ne4 14. Nxe4 Bxe5 15. Bg5 Rf8 16. Nc5 Bxc4 17. Rfe1 Bxa1 18. Rxa1 Rf7 19. Rd1 Na6 20. Nd7 Be6 21. Nf6+ Kg7 22. Nh5+ Kg6 23. Rd6 Re8 24. Nf4+ Kxg5 25.
Nxe6+ Kf6 26. Nc7+ Ke7 27. Nxe8 Kxe8 28. a3 Re7 29. Bf3 Kf7 30. Kg2 Nc7 31. h4 Nb5 32. Rd3 a6 33. a4 Nc7 34. h5 Kf6 35. Rd8 Ne6 36. Rd6 Ke5 37. Rd1 Kf6 38. h6 Kg6 39.
Rd6 Kf7 40. b5 axb5 41. axb5 cxb5 42. Rb6 Nd4 43. Bd5+ Ke8 44. Bxb7 Kd8 45. Bd5 Rd7 46. Bg8 Ke7 47. Bxh7 Kf8 48. Bg6 Rc7 49. Rb8+ Ke7 50. h7 Kf6 51. h8=Q+ 1-0

[Event "*** Titled Tuesday Blitz"]
[Site "Chess.com"]
[Date "2019.02.05"]
[Round "3"]
[White "CalinGheorghiu"]
[Black "ShadyH9"]
[Result "1/2-1/2"]
[WhiteElo "2240"]
[BlackElo "2302"]
[TimeControl "180+2"]
[EndTime "13:37:20 PST"]
[Termination "Game drawn by stalemate"]

1. d4 Nf6 2. c4 g6 3. f3 Bg7 4.
e4 d6 5. Nc3 O-O 6. Be3 Nc6 7.
Qd2 a6 8. Nge2 Na5 9. Nc1 Nd7 10. Nb3 c5 11. Be2 Nxb3 12. axb3 cxd4 13. Bxd4 Nc5 14. Ra3 Be6 15. O-O a5 16. Nd5 Bxd5 17. exd5 Qb6 18. Rd1 Bxd4+ 19. Qxd4 Nd7 20. Qxb6 Nxb6 21. Rda1 Ra6 22.
Rxa5 Rfa8 23. b4 Nd7 24. Kf2 Kf8 25. Ke3 Ke8 26. Ke4 Kd8 27. Kd4 Kc7 28. Rxa6 Rxa6 29. Rxa6 bxa6 30. c5 Nb8 31. h4 h6 32. f4 e6 33. dxe6 fxe6 34. Bd3 Nc6+ 35. Kc3 Ne7 36. cxd6+ Kxd6 37. g3 Nd5+ 38. Kb3 Ne7 39. Bxa6 Nf5 40.
Bd3 Nxg3 41. Bxg6 Ne2 42. f5 exf5 43. Kc4 f4 44. Bh5 Ng1 45. Kd3 Kc6 46. Ke4 Kb5 47. Kxf4 Kxb4 48. Kg3 Kb3 49. Kf2 Kxb2 50. Kxg1 Kc3 51.
Kf2 Kd4 52. Kf3 Ke5 53. Kg4 Kf6 54. Kf4 Kg7 55. Ke5 Kh7 56. Kf6 Kh8 57. Kg6 Kg8 58. Kxh6 Kh8 59. Bf7 1/2-1/2

[Event "*** Titled Tuesday Blitz"]
[Site "Chess.com"]
[Date "2019.02.05"]
[Round "3"]
[White "WorldChampionBulletChess"]
[Black "Walter_White_Poland"]
[Result "1-0"]
[WhiteElo "2121"]
[BlackElo "2132"]
[TimeControl "180+2"]
[EndTime "13:37:21 PST"]
[Termination "WorldChampionBulletChess won by resignation"]

1. d4 Nf6 2. e3 c5 3. Nf3 b6 4. c3 Bb7 5. Be2 d6 6. O-O g6 7. Re1 Bg7 8. b3 O-O 9. Bb2 Qc7 10. Nbd2 Nbd7 11. Bf1 e5 12. dxe5 dxe5 13. e4 Rad8 14. Qc2 a6 15. Rad1 b5 16. g3 Rfe8 17. Bg2 Nf8 18. a3 Ne6 19. h3 Qb8 20. Kh2 Bc6 21.
c4 Nd4 22. Nxd4 cxd4 23. c5 Qb7 24. b4 Nh5 25. Qb3 Kh8 26. Bf3 Nf6 27. Ba1 Rf8 28.
Re2 Rde8 29. Rde1 Nd7 30. Bg4 f5 31. exf5 gxf5 32. Bh5 e4 33. Bxe8 Rxe8 34. Qf7 Rf8 35. Qe7 Bd5 36. h4 Bf6 37. Qd6 Be5 38. Qh6 e3 39.
fxe3 Bxg3+ 40. Kxg3 Rg8+ 41. Kh2 Rg6 42. Bxd4+ Kg8 43.
Qf4 Rg4 44. Rg1 Rxg1 45. Kxg1 Nf8 46. Qg5+ Kf7 47. Qg7+ Ke8 48. Qxb7 Bxb7 49. e4 f4 50. Nf3 Ne6 51. Kf2 Ke7 52. Rd2 Kf7 53. e5 Kg6 54. Ng5 Nxg5 55. hxg5 Kxg5 56. e6 Kf5 57. e7 Bc6 58. Bg7 h5 59. Rd8 1-0

[Event "*** Titled Tuesday Blitz"]
[Site "Chess.com"]
[Date "2019.02.05"]
[Round "3"]
[White "hermionegrangermagic"]
[Black "NikolasTheiss"]
[Result "1-0"]
[WhiteElo "2303"]
[BlackElo "2190"]
[TimeControl "180+2"]
[EndTime "13:37:22 PST"]
[Termination "hermionegrangermagic won by resignation"]

1. e4 c5 2. Nf3 Nc6 3. d4 cxd4 4. Nxd4 Nf6 5. Nc3 e5 6. Ndb5 d6 7. Bg5 a6 8. Na3 b5 9. Bxf6 gxf6 10. Nd5 f5 11. c3 Bg7 12. Bd3 Be6 13. Nxb5 axb5 14.
Bxb5 Bd7 15. exf5 O-O 16. Qh5 Rb8 17. a4 e4 18. O-O h6 19. Rfe1 Re8 20. Re3 Qg5 21.
Qxg5 hxg5 22. f6 Bh6 23. Ne7+ Nxe7 24. Bxd7 Nd5 25. Bxe8 Nxe3 26. fxe3 Rxe8 27. b4 d5 28. g4 Bf8 29. a5 Kh7 30. Rd1 Rc8 31. Rxd5 Rxc3 32.
Rxg5 Rxe3 33. b5 Ra3 34. b6 Bh6 35. Rb5 Be3+ 36. Kg2 Ra2+ 37. Kf1 Bf4 38. Rf5 e3 39. Rxf4 Rxa5 40. Rb4 Ra8 41. Ke2 Rb8 42. Kxe3 Kg6 43. h4 Kxf6 44. Kf4 Ke6 45. b7 Kf6 46. Rb6+ Kg7 47. g5 Kf8 48. Kf5 Ke7 49. h5 Kd7 50. Rb1 Ke7 51. h6 Kf8 52. Kf6 Kg8 53. Rb2 Kh8 54.
Kxf7 Kh7 55. Ke7 Kg6 56. Kd7 Kxg5 57. Kc7 Rxb7+ 58. Kxb7 Kxh6 59. Kc6 1-0

[Event "*** Titled Tuesday Blitz"]
[Site "Chess.com"]
[Date "2019.02.05"]
[Round "3"]
[White "nochewycandy"]
[Black "Orest_Vovk"]
[Result "1-0"]
[WhiteElo "2313"]
[BlackElo "2236"]
[TimeControl "180+2"]
[EndTime "13:37:28 PST"]
[Termination "nochewycandy won by resignation"]

1. e4 c5 2. Nf3 Nc6 3. Bb5 g5 4. Nxg5 Nf6 5. d3 a6 6. Bxc6 dxc6 7. h3 c4 8. e5 h6 9. Nf3 Nd5 10. dxc4 Nb4 11. Qxd8+ Kxd8 12. Na3 Bf5 13. Nd4 Be4 14. f3 Bh7 15. c3 Nd3+ 16. Ke2 Nxe5 17. Bf4 Bg7 18.
Rhd1 Ke8 19. Rac1 Rd8 20. c5 Rd5 21. b4 Nd3 22. Rxd3 Bxd3+ 23. Kxd3 e5 24. Re1 Kd8 25. Bxe5 Rxe5 26. Rxe5 Bxe5 27. Nc4 Bxd4 28. cxd4 Kc7 29. g4 h5 30. g5 h4 31. f4 f6 32. Ke4 fxg5 33. fxg5 Kd7 34. Kf5 Rf8+ 35. Kg4 Ke6 36. Kxh4 Rf4+ 37. Kh5 Rxd4 38. Ne3 Rxb4 39. h4 b6 40.
cxb6 Rxb6 41. Kh6 Rb8 42. g6 Kf6 43. Ng4+ Kf5 44. Ne3+ Kf6 45. Kh7 Rb7+ 46. Kh6 c5 47. h5 Rd7 48. Ng4+ Kf5 49. g7 Rd8 50. Ne3+ Kf6 51.
Kh7 Kf7 52. h6 Rc8 53. Nc4 Rd8 54. Ne5+ Ke6 55. Ng6 c4 56. Nf8+ Kd5 57. g8=Q+ Kd4 58. Ne6+ 1-0

[Event "*** Titled Tuesday Blitz"]
[Site "Chess.com"]
[Date "2019.02.05"]
[Round "3"]
[White "Korchmar_Vasiliy"]
[Black "Revnov"]
[Result "1-0"]
[WhiteElo "2767"]
[BlackElo "2783"]
[TimeControl "180+2"]
[EndTime "13:37:29 PST"]
[Termination "Korchmar_Vasiliy won by resignation"]

1. d4 e6 2. c4 f5 3. g3 Nf6 4.
Bg2 d5 5. Nf3 Bd6 6. O-O O-O 7.
Nc3 c6 8. Qc2 Nbd7 9. cxd5 cxd5 10. Nb5 Bb8 11. Bf4 Bxf4 12. gxf4 Nb6 13. Nc7 Rb8 14.
b3 Bd7 15. Rfc1 Rc8 16. Ng5 Na8 17. Ncxe6 Rxc2 18. Rxc2 Qe7 19. Nxf8 Kxf8 20. e3 Bc6 21. Nf3 Nd7 22. Rac1 Nc7 23. h4 g6 24. Kh2 Kg7 25.
h5 Ne8 26. hxg6 hxg6 27. Bh3 Nef6 28. Rg1 Kh6 29. Ng5 Ne4 30. Nf3 a6 31. Rg2 Nef6 32. Rc1 Ng4+ 33. Bxg4 fxg4 34. Rxg4 Nf6 35. Rg2 Bd7 36. Ne5 Bf5 37. Kg1 Kg7 38. Nxg6 Bxg6 39. f5 Kf7 40. fxg6+ Kg7 41. Rc5 Qd7 42. a3 Ne4 43. Rc2 Qe7 44. a4 Nd6 45. Rc5 Qe4 46. Rc7+ Kg8 47. Rd7 Ne8 48. Rxb7 a5 49. b4 Qb1+ 50. Kh2 axb4 51. a5 Qd3 52. Rb8 Qe4 53. a6 Qe7 54. Kg1 Kg7 55. Rb7 Nc7 56. a7 Kh6 57.
a8=Q 1-0

[Event "*** Titled Tuesday Blitz"]
[Site "Chess.com"]
[Date "2019.02.05"]
[Round "3"]
[White "Sebastian"]
[Black "mousavian_hamed"]
[Result "1-0"]
[WhiteElo "2871"]
[BlackElo "2556"]
[TimeControl "180+2"]
[EndTime "13:37:35 PST"]
[Termination "Sebastian won by resignation"]

1. e4 e6 2. d4 d5 3. Nc3 Bb4 4. e5 c5 5. dxc5 Ne7 6. Nf3 Nbc6 7. Bd3 Ng6 8. O-O Bxc5 9. Re1 O-O 10. Bg5 Qc7 11.
Bxg6 fxg6 12. Be3 Bb4 13. a3 Bxc3 14. bxc3 Na5 15. Bd4 Bd7 16. h4 Rf5 17. Ng5 h6 18. Nh3 Raf8 19. Qd3 a6 20. a4 Nc4 21. Qg3 Kh7 22.
f3 Be8 23. Re2 Nb2 24. a5 Nc4 25. f4 Nxa5 26. Qf3 Nc4 27. g4 Rxe5 28. Bxe5 Nxe5 29. Qg3 Nc4 30. Rxe6 Bc6 31. Rae1 Qb6+ 32. Kh2 Qb2 33. Qd3 Kg8 34. Re7 Rf7 35. Qxg6 Rxe7 36. Rxe7 Qxc3 37.
Re2 Nd2 38. Qd3 Nf3+ 39. Kg3 Nd4 40. Re7 Qxd3+ 41. cxd3 a5 42. Rc7 a4 43. Rc8+ Kf7 44.
Ra8 Nc2 45. f5 a3 46. g5 hxg5 47. hxg5 d4 48. Nf4 Bd7 49. Ra7 Bxf5 50. Rxb7+ Kf8 51. Ra7 Ke8 52. g6 Kd8 53. Kh4 Bd7 54. Nd5 Ke8 55. Ra8+ Bc8 56. Rxc8+ Kd7 57. Rxc2 Kd6 58. Nb4 1-0

[Event "*** Titled Tuesday Blitz"]
[Site "Chess.com"]
[Date "2019.02.05"]
[Round "3"]
[White "RojonR"]
[Black "Alex_Terzi"]
[Result "0-1"]
[WhiteElo "2490"]
[BlackElo "2480"]
[TimeControl "180+2"]
[EndTime "13:37:36 PST"]
[Termination "Alex_Terzi won by resignation"]

1. e4 e6 2. d4 d5 3. Nd2 c5 4. exd5 Qxd5 5. Ngf3 cxd4 6. Bc4 Qd6 7. O-O Nc6 8. Nb3 Nf6 9. Nbxd4 Nxd4 10. Nxd4 a6 11.
Bb3 Be7 12. c3 O-O 13. Qe2 e5 14. Nc2 Bg4 15. f3 Bf5 16. Rd1 Qb6+ 17. Be3 Bc5 18.
Bxc5 Qxc5+ 19. Qf2 Qc7 20. Ne3 Bg6 21. Nd5 Nxd5 22.
Rxd5 Rfd8 23. Rad1 Rxd5 24. Rxd5 Rd8 25. Qd2 Rxd5 26. Qxd5 h6 27. Kf2 Bf5 28. Qd2 Kf8 29.
Qe3 f6 30. Bd5 b6 31. c4 Qc5 32. a3 a5 33. Ke2 Ke7 34. Kd2 Kd6 35. Qxc5+ Kxc5 36. Kc3 a4 37. Bf7 Bd7 38. Bg6 Bc6 39. h4 Bd7 40. h5 Be6 41. Bc2 Bxc4 42. Bxa4 Bf1 43. g3 Be2 44. b4+ Kd6 45. f4 exf4 46. gxf4 Bxh5 47.
Kd4 Bf7 48. f5 h5 49. Bd1 h4 50. Bf3 Be8 51. Bg4 Bc6 52. Bh3 b5 53. Bf1 Bd7 54.
Bh3 g6 55. Bf1 gxf5 56. Bg2 f4 57. Bf1 h3 58. Ke4 h2 0-1

[Event "*** Titled Tuesday Blitz"]
[Site "Chess.com"]
[Date "2019.02.05"]
[Round "3"]
[White "kleinebeer98"]
[Black "vugarrasulov"]
[Result "0-1"]
[WhiteElo "2696"]
[BlackElo "2860"]
[TimeControl "180+2"]
[EndTime "13:37:38 PST"]
[Termination "vugarrasulov won by resignation"]

1. e4 c5 2. Nf3 d6 3. d4 cxd4 4. Nxd4 Nf6 5. Nc3 Nc6 6. Nd5 Nxd5 7. exd5 Qa5+ 8. Bd2 Qxd5 9. Nb5 Kd7 10. Be2 Qxg2 11. Bf3 Qg6 12. Be3 e5 13. Qe2 Be7 14. O-O-O Rd8 15.
Rhg1 Qf6 16. Bg5 Qe6 17. Bxe7 Kxe7 18. Nc7 Qh6+ 19. Kb1 Rb8 20. Bd5 Bf5 21. Qf3 g6 22. Bxc6 bxc6 23. Qxc6 Kf8 24. Rxd6 Qxh2 25. Rgd1 Rdc8 26.
Qc5 Kg8 27. b3 Qf4 28. Rc6 Qf3 29. Rc1 Be4 30. Nd5 Rxc6 31. Ne7+ Kg7 32. Nxc6 Re8 33. Nxe5 Qf5 34. f4 Qxf4 35. Nd7 Bf5 36. Qc3+ f6 37.
Qxf6+ Kg8 38. Qb2 Bxd7 39. a4 Bxa4 40. Qc3 Bd7 41. Rd1 Bf5 42. Qc6 Rc8 43. Qd5+ Kg7 44. Rd2 Qe3 45. Qb7+ Kh6 46. Rh2+ Kg5 47. Ka1 Qc1+ 48.
Ka2 Rxc2+ 49. Rxc2 Qxc2+ 50. Ka3 Qc5+ 51. b4 Qc3+ 52.
Ka2 Be6+ 53. Kb1 Qd3+ 54. Ka1 Qd4+ 55. Kb1 Bf5+ 56. Ka2 h5 57. b5 h4 58. Qe7+ Kg4 59. Qe2+ Kg3 60. b6 axb6 61. Qe1+ Qf2+ 0-1